 Dungeon Crawl Stone Soup version 0.30-a0-377-g5cb311bc9f (webtiles) character file.

Game seed: 5368669985178784247

91 Decritt the Magician (level 4, -3/34 HPs)
             Began as a Djinni Hedge Wizard on Nov 29, 2022.
             Killed by divine providence
             ... invoked by an orc priest
              (10 damage)
             ... on level 3 of the Dungeon.
             The game lasted 00:04:08 (1814 turns).

Decritt the Magician (Djinni Hedge Wizard)          Turns: 1814, Time: 00:04:09

Health: -3/34      AC:  4    Str:  9    XL:     4   Next: 88%
Gold:   169        EV: 12    Int: 17    God:
                   SH:  0    Dex: 13

rFire   + + +      SeeInvis .    a - +0 dagger
rCold   x . .      Faith    .    (no shield)
rNeg    . . .      Spirit   .    b - +0 robe
rPois   ∞          Reflect  .    f - +1 helmet
rElec   .          Harm     .    (no cloak)
rCorr   .          Rampage  .    (no gloves)
Will    .....                    (boots unavailable)
Stlth   ++........               (no amulet)
HPRegen 0.25/turn                o - ring of protection from fire
MPRegen 0.00/turn                (no ring)

@: flying
A: sickness immunity, fire resistance 2, cold vulnerability 1, float, innate
caster, HP casting, extra vitality 1
a: no special abilities


You were on level 3 of the Dungeon.
You visited 1 branch of the dungeon, and saw 3 of its levels.

You collected 169 gold pieces.

Inventory:

Hand Weapons
 a - a +0 dagger (weapon)
Missiles
 e - 2 throwing nets
Armour
 b - a +0 robe (worn)
 c - a +0 hat
 f - a +1 helmet (worn)
Jewellery
 o - a ring of protection from fire (left hand)
Scrolls
 d - a scroll of fog {unknown}
 g - a scroll of immolation {unknown}
 h - 4 scrolls of identify {unknown}
 j - a scroll of amnesia {unknown}
 l - a scroll of fear {unknown}
 m - a scroll of magic mapping {unknown}
 u - a scroll of teleportation {unknown}
Potions
 i - 2 potions of heal wounds {unknown}
 k - 4 potions of haste {unknown}
 n - 2 potions of attraction {unknown}
 p - a potion of flight {unknown}
 q - 3 potions of curing {unknown}
 r - a potion of might {unknown}
 s - a potion of magic {unknown}
 t - a potion of mutation {unknown}


   Skills:
 * Level 2.7 Fighting
 - Level 2.1 Dodging
 - Level 1.5 Stealth
 * Level 3.3 Spellcasting


You couldn't memorise any spells.
You knew the following spells:

 Your Spells              Type           Power      Damage    Failure   Level
a - Magic Dart            Conj           56%        1d5       4%          1
b - Call Imp              Summ           14%        N/A       6%          2
c - Mephitic Cloud        Conj/Pois/Air  14%        N/A       13%         3
d - Slow                  Hex            56%        N/A       4%          1
e - Blink                 Tloc           28%        N/A       6%          2
f - Cigotuvi's Dreadful   Necr/Pois/Air  28%        N/A       6%          2
g - Foxfire               Conj/Fire      56%        2x1d6     4%          1
Your spell library was empty.

Dungeon Overview and Level Annotations

Branches:
Dungeon (3/15)

Altars:
Elyvilon

Annotations:
D:2 1 runed translucent door, Crazy Yiuf


Innate Abilities, Weirdness & Mutations

You are immune to sickness and miasma.
You are immune to poison.
Your flesh is very heat resistant. (rF++)
You are vulnerable to cold. (rC-)
You float through the air rather than walking.
You learn spells naturally, not from books.
Your magical power is your life essence.
You have superior vitality. (+4 MHP)


Message History

The orc wizard shouts!
The orc wizard casts a spell.
The orc wizard flickers and vanishes!
Deactivating autopickup; reactivate with Ctrl-A.
Casting: Call Imp (safe; 6% risk of failure)
Confirm with . or Enter, or press ? or * to list all spells.
You can't see any susceptible monsters within range! (Use Z to cast anyway.)
You start resting.
Something hits your white imp.
You hear some strange, mumbled words.
Your white imp appears confused.
Your white imp misses something.
Your white imp misses something.
You closely miss something. Something hits you.
Your white imp closely misses something.
You barely miss something. Something barely misses you.
You barely miss something.
Your white imp seems less confused.
Something hits you.
You hit something but do no damage. Something hits you but does no damage.
You miss something. Something hits you.
You closely miss something. Something hits you.
You hit something but do no damage. Something hits you.
You hit something.
You hear some strange, mumbled words.
A magic dart appears from out of thin air!
The magic dart hits you.
You hit something.
An orc priest comes into view. It is wielding a +0 mace.
Something hits you.
* * * LOW HITPOINT WARNING * * *
An orc wizard comes into view. It is wielding a +0 dagger.
The orc wizard shouts!
The orc priest mumbles some strange prayers to Beogh against you.
Beogh smites you!
* * * LOW HITPOINT WARNING * * *
Your white imp barely misses something.
The orc priest invokes the aid of Beogh against you.
Beogh smites you!
You die...

#...# #.# #.#.####. #...#
#.#####.#.# #...# #.........#
#...# #.......### #...#
###.......# #...#
#.........#######
#####...######.#.......#.....#
..........†....#.....††#...†.#
...........5.@.............<.#
......(................#.....#
####.....#####......#..#.....#
#.....# ##o#.o....#######
#.....# #.#..##.## #.....#
.##.##)# #.....# ##. ...
##...## ... ........$.#


You could see an orc priest, an orc wizard and a friendly white imp (summoned).

Vanquished Creatures
  A hound (D:3)
  2 dart slugs
  An orc (D:3)
  4 bats
  4 endoplasms
  3 giant cockroaches
  4 goblins
  3 hobgoblins
  A quokka (D:1)
  7 ball pythons
  7 kobolds
  3 rats
40 creatures vanquished.

Vanquished Creatures (collateral kills)
  An adder (D:2)
  A worm (D:2)
2 creatures vanquished.

Grand Total: 42 creatures vanquished

Notes
Turn   | Place    | Note
-------+----------+-------------------------------------------
     0 | D:1      | Decritt the Djinni Hedge Wizard began the quest for the
                  | Orb.
     0 | D:1      | Decritt set off with the following spells memorised: Magic
                  | Dart, Slow, Blink, Call Imp, Cigotuvi's Dreadful Rot,
                  | Mephitic Cloud.
     0 | D:1      | Reached XP level 1. HP: 15/15 MP: 0/0
   119 | D:1      | Reached XP level 2. HP: 20/22 MP: 0/0
   129 | D:1      | Reached skill level 1 in Fighting
   570 | D:1      | Reached XP level 3. HP: 26/27 MP: 0/0
   570 | D:1      | Learned a level 1 spell: Foxfire
   942 | D:2      | Reached skill level 3 in Spellcasting
  1043 | D:2      | Found a runed translucent door.
  1044 | D:2      | Noticed Crazy Yiuf
  1320 | D:2      | Reached XP level 4. HP: 31/33 MP: 0/0
  1675 | D:3      | Found a white marble altar of Elyvilon.
  1814 | D:3      | Killed from afar by an orc priest

Illustrated notes

Levels and vault maps discovered:
D:1:      psy_arrival_radial01, layout_rooms
D:2:      layout_basic, uniq_crazy_yiuf_cottage
D:3:      layout_loops_cross, lemuel_crystal_altar

Skill      XL: |  1  2  3 |
---------------+----------+-----
Fighting       | 1 2 |  2.7
Spellcasting   | 3 |  3.3
Dodging        | |  2.1
Stealth        | |  1.5

Action                   |  1- 3 |  4- 6 || total
-------------------------+-------+-------++-------
Melee: Dagger            |     7 |     9 ||    16
 Cast: Magic Dart        |    78 |    31 ||   109
       Call Imp          |     2 |     3 ||     5
Armor: Robe              |     3 |    12 ||    15
Dodge: Dodged            |    16 |    13 ||    29

Table legend: (Time is in decaauts)
 A = Elapsed time spent in this place.
 B = Non-inter-level travel time spent in this place.
 C = Inter-level travel time spent in this place.
 D = Time resting spent in this place.
 E = Time spent auto-exploring this place.
 F = Levels seen in this place.
 G = Mean time per level.
                   A        B        C        D        E       F      G
               +--------+--------+--------+--------+--------+-----+--------+
         Total |   1812 |   1752 |     60 |     72 |   1422 |   3 |  604.0 |
       Dungeon |   1812 |   1752 |     60 |     72 |   1422 |   3 |  604.0 |
               +--------+--------+--------+--------+--------+-----+--------+

Top non-repeatable levels by time:
     D:1: 806 daAuts
     D:2: 699 daAuts
     D:3: 307 daAuts
